 Dungeon Crawl Stone Soup version 0.27.1-33-g824d729ab1 (webtiles) character file.

Game seed: 1744734748842426846

300 13raion the Chopper (level 6, -8/57 HPs)
             Began as a Minotaur Berserker on Dec 2, 2021.
             Was a Believer of Trog.
             Splashed by a jelly's acid (10 damage)
             ... on level 4 of the Dungeon.
             The game lasted 00:04:26 (2588 turns).

13raion the Chopper (Minotaur Berserker)            Turns: 2588, Time: 00:04:28

Health: -8/57      AC: -5    Str: 24    XL:     6   Next: 13%
Magic:  5/5        EV: 10    Int:  4    God:    Trog [**....]
Gold:   113        SH:  0    Dex:  9    Spells: 5/5 levels left

rFire    . . .     SeeInvis +   a - +0 hand axe
rCold    . . .     Faith    .   (no shield)
rNeg     . . .     Spirit   .   e - +0 scale mail
rPois    .         Reflect  .   (helmet restricted)
rElec    .         Harm     .   k - +0 cloak
rCorr    .         Rampage  .   (no gloves)
Will     .....                  i - +2 pair of boots
Stlth    ..........             (no amulet)
HPRegen  0.19/turn              c - ring of see invisible
MPRegen  0.09/turn              (no ring)

@: corroded
A: horns 2, retaliatory headbutt
a: Renounce Religion, Berserk, Trog's Hand


You were on level 4 of the Dungeon.
You worshipped Trog.
Trog was pleased with you.
You visited 1 branch of the dungeon, and saw 4 of its levels.

You collected 113 gold pieces.

Inventory:

Hand Weapons
 a - a +0 hand axe (weapon)
Armour
 b - a +0 animal skin
 e - a +0 scale mail (worn)
 i - a +2 pair of boots (worn)
 k - a +0 cloak (worn)
Jewellery
 c - a ring of see invisible (left hand)
Scrolls
 f - a scroll of teleportation {unknown}
 h - a scroll of enchant weapon {unknown}
 l - a scroll of blinking {unknown}
 m - a scroll of identify {unknown}
Potions
 d - 5 potions of curing {unknown}
 g - a potion of haste {unknown}
 j - 2 potions of heal wounds {unknown}


   Skills:
 + Level 5.9 Fighting
 + Level 6.8 Axes
 - Level 2.4 Armour
 - Level 2.1 Dodging


You had 5 spell levels left.
You didn't know any spells.
Your spell library was empty.

Dungeon Overview and Level Annotations

Branches:
Dungeon (4/15)
 Temple: D:4-7

Altars:
Kikubaaqudgha


Innate Abilities, Weirdness & Mutations

You have a pair of horns on your head.
You reflexively headbutt those who attack you in melee.


Message History

You miss the adder. You headbutt the adder!
You kill the adder!
Trog accepts your kill.
You see here an adder corpse.
HP restored.
A ball python comes into view.
Found a stone staircase leading down.
You hit the ball python.
You kill the ball python!
Trog accepts your kill.
A jelly comes into view.
The jelly quivers.
You hit the jelly but do no damage.
Your hands burn!
The jelly closely misses you.
You hit the jelly.
Your hands burn!
You headbutt the jelly.
The jelly is lightly wounded.
The jelly hits you. The acid corrodes you!
You are splashed with acid!
You hit the jelly. The acid corrodes you!
Your hands burn!
The jelly is moderately wounded.
The jelly hits you but does no damage.
You hit the jelly.
Your hands burn!
The jelly is heavily wounded.
The jelly closely misses you.
You hit the jelly but do no damage.
Your hands burn!
You headbutt the jelly.
The jelly is heavily wounded.
The jelly barely misses you.
You hit the jelly but do no damage. The acid corrodes you!
Your hands burn!
* * * LOW HITPOINT WARNING * * *
The jelly is heavily wounded.
The jelly hits you.
* * * LOW HITPOINT WARNING * * *
The acid corrodes you!
You are splashed with acid.
* * * LOW HITPOINT WARNING * * *
You hit the jelly. The acid corrodes you!
Your hands burn!
* * * LOW HITPOINT WARNING * * *
The jelly is severely wounded.
The jelly hits you.
* * * LOW HITPOINT WARNING * * *
The acid corrodes you!
You are splashed with acid!
You die...

.. #........
..########........
...............>..
.....(†...........
....#####.........
....# #.########
....# #.########
....# #........#
....# #..#####@#
....# #..# #J#
....# #..# #.#
###.# #..# #.# #.#
#..# #.. #.# #..#
### #.# #..# # #.#
# #.#


You could see a jelly.

Vanquished Creatures
  Grinder (D:3)
  Crazy Yiuf (D:3)
  Jessica (D:2)
  An adder (D:4)
  4 dart slugs
  An orc (D:3)
  4 endoplasms
  5 giant cockroaches
  A hobgoblin (D:1)
  4 kobolds
  3 ball pythons
  4 bats (D:1)
  4 frilled lizards
  7 goblins
  6 rats
47 creatures vanquished.

Vanquished Creatures (others)
  2 fungi (D:1)
  A plant (D:1)
3 creatures vanquished.

Grand Total: 50 creatures vanquished

Notes
Turn   | Place    | Note
-------+----------+-------------------------------------------
     0 | D:1      | 13raion the Minotaur Berserker began the quest for the Orb.
     0 | D:1      | Reached XP level 1. HP: 19/19 MP: 0/0
   361 | D:1      | Reached skill level 4 in Axes
   403 | D:1      | Reached XP level 2. HP: 25/27 MP: 1/1
   526 | D:1      | Found a faded altar of an unknown god.
  1199 | D:2      | Reached XP level 3. HP: 30/34 MP: 2/2
  1306 | D:2      | Reached ** piety under Trog
  1324 | D:2      | Noticed Jessica
  1326 | D:2      | Killed Jessica
  1528 | D:2      | Reached skill level 5 in Axes
  1805 | D:2      | Reached XP level 4. HP: 41/41 MP: 3/3
  1976 | D:3      | Found an ancient bone altar of Kikubaaqudgha.
  1977 | D:3      | Noticed Grinder
  1981 | D:3      | Paralysed by Grinder for 4 turns
  1991 | D:3      | Killed Grinder
  1992 | D:3      | Reached skill level 5 in Fighting
  1992 | D:3      | Reached skill level 6 in Axes
  1992 | D:3      | Reached XP level 5. HP: 37/50 MP: 4/4
  2257 | D:3      | Found a runed translucent door.
  2258 | D:3      | Noticed Crazy Yiuf
  2427 | D:3      | Killed Crazy Yiuf
  2428 | D:3      | Reached XP level 6. HP: 57/57 MP: 5/5
  2588 | D:4      | HP: 2/57 [jelly (3)]
  2588 | D:4      | Splashed by a jelly's acid

Illustrated notes

Levels and vault maps discovered:
D:1:      dpeg_arrival_circle_labyrinth_a, layout_basic,
          shapermc_ecumenical_altar_rom_forum, kennysheep_small_spiral
D:2:      layout_basic, hangedman_feature_mirror, uniq_jessica
D:3:      layout_basic, nicolae_kikubaaqudgha_miasma_corner,
          minmay_diced_spiral, uniq_crazy_yiuf_cottage, uniq_grinder
D:4:      layout_basic, marbit_many_paths, mainiacjoe_overflow_big_doors,
          minmay_temple_entry_proselytizer, glass_columns_a, uniq_ijyb

Skill      XL: |  1  2  3  4 |
---------------+-------------+-----
Fighting       | 4 5 |  5.9
Axes           | 4 5 6 |  6.8
Armour         | |  2.4
Dodging        | |  2.1

Action                   |  1- 3 |  4- 6 || total
-------------------------+-------+-------++-------
Melee: Hand axe          |    62 |    37 ||    99
       Headbutt          |    10 |     9 ||    19
Invok: Berserk           |       |     2 ||     2
       Trog's Hand       |       |     1 ||     1
Armor: Scale mail        |    27 |     9 ||    36
Dodge: Dodged            |    22 |    17 ||    39
